 Dungeon Crawl Stone Soup version 0.17-a0-1701-gf693a3f (webtiles) character file.

975 George the Chiller (level 8, 0/58 HPs)
             Began as a Merfolk Ice Elementalist on Aug 21, 2015.
             Was an Initiate of Ashenzari.
             Slain by a sky beast (3 damage)
             ... on level 5 of the Dungeon.
             The game lasted 00:23:34 (7336 turns).

George the Chiller (Merfolk Ice Elementalist)       Turns: 7336, Time: 00:23:34

Health: 0/58       AC:  3    Str:  9    XL:     8   Next: 16%
Magic:  9/11       EV: 15    Int: 16    God:    Ashenzari [......]
Gold:   282        SH:  0    Dex: 14    Spells: 2 memorised, 8 levels left

rFire  . . .     SeeInvis .     r - +1 spear
rCold  . . .     Clarity  +     a - +0 robe
rNeg   . . .     SustAt   .     (no shield)
rPois  .         Gourm    .     n - +0 helmet
rElec  .         Spirit   .     (no cloak)
rCorr  .         Warding  .     (no gloves)
rMut   .         Stasis   .     (no boots)
MR     .....                    A - amulet of clarity
Stlth  ++........               (no ring)
                                (no ring)

@: about to teleport, not resistant to hostile enchantments, unstealthy
A: change form in water, swift swim
a: Renounce Religion


You were on level 5 of the Dungeon.
You worshipped Ashenzari.
Ashenzari was noncommittal.
You were hungry.

You visited 1 branch of the dungeon, and saw 5 of its levels.

You collected 282 gold pieces.

Inventory:

Hand weapons
 r - a +1 spear (weapon)
Armour
 a - a +0 robe (worn)
 n - a +0 helmet (worn)
Jewellery
 A - an amulet of clarity (around neck)
Scrolls
 o - a scroll of enchant weapon
 p - a scroll of teleportation
 q - a scroll of amnesia
 t - 7 scrolls of remove curse
 w - a scroll of fear
Potions
 k - 2 potions of magic
 m - 2 potions of curing
 v - a potion of might {unknown}
 z - a potion of flight {unknown}
Books
 b - a book of Frost

   Spells                             Type                      Level
   a - Freeze                         Ice                          1
   b - Throw Frost                    Conjuration/Ice              2
   c - Ozocubu's Armour               Charms/Ice                   3
   d - Throw Icicle                   Conjuration/Ice              4
   e - Summon Ice Beast               Ice/Summoning                4
   f - Condensation Shield            Ice                          4
Comestibles
 c - 5 bread rations
 f - 2 meat rations


   Skills:
 + Level 3.2 Fighting
 * Level 5.9 Polearms
 + Level 5.5 Dodging
 - Level 2.1 Stealth
 - Level 2.5 Spellcasting
   Level 0.7 Conjurations
 + Level 3.5 Charms
 * Level 6.3 Ice Magic


You had 8 spell levels left.
You knew the following spells:

 Your Spells              Type           Power        Failure   Level  Hunger
a - Freeze                Ice            ###.         1%          1    #......
b - Ozocubu's Armour      Chrm/Ice       ###.....     10%         3    ###....


Dungeon Overview and Level Annotations

Branches:
Dungeon (5/15)
 Temple: D:4-7

Altars:
Ashenzari
Elyvilon
Fedhas
Nemelex Xobeh
Okawaru
Qazlal
Ru
Xom
Zin

Shops:
D:5 (


Message History

Casting: Freeze
Confirm with . or Enter, or press ? or * to list all spells.
Aiming: Freeze
Press: ? - help, Shift-Dir - straight line You freeze something.
Something hits you.
* * * LOW HITPOINT WARNING * * *
Something shocks you.
* * * LOW HITPOINT WARNING * * *
Casting: Freeze
Confirm with . or Enter, or press ? or * to list all spells.
Aiming: Freeze
Press: ? - help, Shift-Dir - straight line You freeze something.
Something hits you.
* * * LOW HITPOINT WARNING * * *
Something shocks you.
* * * LOW HITPOINT WARNING * * *
Read which item? (? for menu, Esc to quit)
As you read the scroll of teleportation, it crumbles to dust.
You feel strangely unstable. Something hits you.
You die...

##### #.###.#.⌠.⌠##....# # <.÷.#
#.##......###.'#####
###.##########.......### #.#...#.
#..........####...## #.#...#.
####.#.###.# #...# ###.....
######.#.###.# #...##########._.
.............# #...#......#.....
.####..##.#..####........#.#...#.
.#..............@{.........#)..#.
...##......................'#####
.####..##........................
.####..##.#.#####........##..#..#
............# #...#..........##
######.#.##.# #...#.#####.##..#
#......# #...#.#####.###.)
#######.########...#>>.....# ##÷
#....>..# #........######### #.


There were no monsters in sight!

Vanquished Creatures
  The ghost of emiel the Chopper, an average HOHu of Trog (D:5)
  The ghost of emiel the Ducker, an average MiTm (D:3)
  A centaur (D:5)
  A necrophage (D:5)
  A crimson imp (D:5)
  2 orc wizards (D:5)
  4 hounds
  A giant frog skeleton (D:5)
  3 worker ants
  2 iguanas (D:5)
  A mummy (D:4)
  7 adders
  9 orcs
  A ball python (D:5)
  5 giant cockroaches
  8 goblins
  9 hobgoblins
  5 kobolds
  3 quokkas
  10 bats
  4 giant geckos
  A giant gecko skeleton (D:4)
  A giant gecko zombie (D:5)
  7 giant newts
  7 jackals
  A quokka skeleton (D:4)
  5 rats
101 creatures vanquished.

Notes
Turn   | Place    | Note
--------------------------------------------------------------
     0 | D:1      | George the Merfolk Ice Elementalist began the quest for the Orb.
     0 | D:1      | Reached XP level 1. HP: 13/13 MP: 3/3
   241 | D:1      | Reached XP level 2. HP: 17/19 MP: 5/5
  1252 | D:2      | Reached XP level 3. HP: 16/25 MP: 1/6
  1366 | D:2      | Reached skill level 4 in Ice Magic
  1463 | D:2      | Reached skill level 1 in Fighting
  1839 | D:2      | Reached XP level 4. HP: 30/32 MP: 5/7
  1851 | D:2      | Found an iron altar of Okawaru.
  1875 | D:2      | Learned a level 3 spell: Ozocubu's Armour
  2593 | D:3      | Reached skill level 1 in Polearms
  2917 | D:3      | Noticed emiel's ghost (average MiTm)
  2939 | D:3      | Reached XP level 5. HP: 37/37 MP: 8/8
  3447 | D:3      | Reached skill level 1 in Charms
  3450 | D:3      | Found a stormy altar of Qazlal.
  4236 | D:3      | Killed emiel's ghost
  4236 | D:3      | Reached XP level 6. HP: 10/44 MP: 0/9
  4479 | D:3      | Found a shimmering altar of Xom.
  4481 | D:3      | Found a glowing silver altar of Zin.
  4481 | D:3      | Found a white marble altar of Elyvilon.
  4539 | D:4      | Found a shattered altar of Ashenzari.
  4691 | D:4      | Reached skill level 5 in Ice Magic
  4792 | D:4      | Got a twisted ring mail
  4797 | D:4      | Found a blossoming altar of Fedhas.
  5654 | D:4      | Became a worshipper of Ashenzari the Shackled
  5729 | D:5      | Entered Level 5 of the Dungeon
  5946 | D:5      | Found Nikiath's Antique Weapon Emporium.
  5999 | D:5      | Reached XP level 7. HP: 21/51 MP: 2/10
  6352 | D:5      | Found a sacrificial altar of Ru.
  6398 | D:5      | Noticed emiel's ghost (average HOHu)
  6745 | D:5      | Found a sparkling altar of Nemelex Xobeh.
  6782 | D:5      | Killed emiel's ghost
  6782 | D:5      | Reached skill level 5 in Polearms
  6782 | D:5      | Reached skill level 5 in Dodging
  6782 | D:5      | Reached skill level 6 in Ice Magic
  6782 | D:5      | Reached XP level 8. HP: 52/58 MP: 2/11
  7331 | D:5      | HP: 2/58 [something (6)]
  7336 | D:5      | Slain by a sky beast

Vault maps used:
D:1:      ncdulo_wetmaze, serial_bayou_crossing
D:2:      okawaru_ov_weapons_minmay, columned_hall_lemuel
D:3:      nicolae_overflow_crystal_walls, grunt_temple_overflow_diamond,
          first_bread
D:4:      fedhas_altar_2, nicolae_ashenzari_panopticon,
          gup_ossuary_entry_pyramid
D:5:      nicolae_ru_great_annihilating_truth,
          nemelex_xobeh_ov_fountains_minmay, kennysheep_windowed_goal

Action                   |  1- 3 |  4- 6 |  7- 9 || total
-------------------------+-------+-------+-------++-------
Melee: Club              |    25 |       |       ||    25
       Unarmed           |     5 |       |       ||     5
       Dagger            |    71 |     1 |       ||    72
       Spear             |       |   201 |    78 ||   279
 Cast: Freeze            |    20 |    49 |    43 ||   112
       Ozocubu's Armour  |       |     1 |     1 ||     2
  Use: Scroll            |       |    12 |     2 ||    14
 Stab: Sleeping          |     2 |     7 |     5 ||    14
       Distracted        |       |     1 |       ||     1
       Paralysed         |       |       |     3 ||     3
  Eat: Chunk             |     3 |    11 |     4 ||    18
       Pizza             |       |     2 |       ||     2
